 Dungeon Crawl Stone Soup version 0.23.2-1-ga50397a (webtiles) character file.

Game seed: 642948554298108232

2060 MajorAdolf the Covered (level 9, -2/82 HPs)
             Began as a Naga Wanderer on Apr 25, 2019.
             Slain by Harold
             ... wielding a +0 scimitar
              (5 damage)
             ... on level 7 of the Dungeon.
             The game lasted 00:36:33 (8389 turns).

MajorAdolf the Covered (Naga Wanderer)              Turns: 8389, Time: 00:36:34

Health: -2/82      AC: 12    Str: 18    XL:     9   Next: 25%
Magic:  9/9        EV:  5    Int: 17    God:
Gold:   466        SH:  5    Dex: 11    Spells: 8/8 levels left

rFire    . . .     SeeInvis +   F - +3 war axe (curse)
rCold    . . .     Gourm    .   s - +1 buckler
rNeg     . . .     Faith    .   B - +0 chain mail
rPois    +         Spirit   .   (no helmet)
rElec    .         Reflect  .   t - +2 cloak
rCorr    .         Harm     .   (no gloves)
MR       +....                  (no barding)
Stlth    ..........             j - amulet of the acrobat
HPRegen  0.23/turn              m - +5 ring of intelligence
MPRegen  0.11/turn              (no ring)

@: hasted, quick
A: large, see invisible, deformed body, poison resistance, slowness 2, slow
metabolism 1, spit poison 1, AC +3
a: Spit Poison


You were on level 7 of the Dungeon.
You were not hungry.

You visited 2 branches of the dungeon, and saw 8 of its levels.

You collected 466 gold pieces.

Inventory:

Hand Weapons
 a - a +2 short sword
 e - a +1 dagger of protection
 p - a +0 shortbow
 w - a +0 hand axe
 y - a +1 dagger of venom
 E - a +3 great sword
 F - a cursed +3 war axe (weapon)
Missiles
 k - 7 javelins of penetration (quivered)
 x - 39 arrows
Armour
 o - a scarf of repulsion
 s - a +1 buckler (worn)
 t - a +2 cloak (worn)
 z - a +0 ring mail
 A - a cursed +0 scale mail
 B - a +0 chain mail (worn)
Jewellery
 b - an uncursed amulet of faith {unknown}
 j - an amulet of the acrobat (around neck)
 m - a +5 ring of intelligence (left hand)
 u - a cursed ring of protection from magic {unknown}
Wands
 C - a wand of polymorph (11)
Scrolls
 l - a scroll of remove curse
Potions
 c - 5 potions of curing
 d - 3 potions of flight
 g - a potion of haste
 h - 3 potions of heal wounds {unknown}
 i - a potion of degeneration {unknown}
 n - a potion of brilliance {unknown}
 v - a potion of agility {unknown}
Comestibles
 f - 12 rations
 q - 2 chunks of flesh


   Skills:
 - Level 5.7 Fighting
 - Level 3.0 Short Blades
 + Level 6.1 Axes
 - Level 7.1 Armour
 - Level 1.5 Stealth
 - Level 2.5 Shields
 - Level 1.0 Evocations


You had 8 spell levels left.
You didn't know any spells.
Your spell library contained the following spells:

 Spells                   Type           Power        Failure   Level  Hunger
 Corona                   Hex            #......      94%         1    ##.....
 Ensorcelled Hibernation  Hex/Ice        #.....       98%         2    ###....
 Confuse                  Hex            #.......     100%        3    ####...
 Dazzling Spray           Conj/Hex       #.....       100%        3    ####...
 Tukima's Dance           Hex            #.......     100%        3    ####...


Dungeon Overview and Level Annotations

Branches:
Dungeon (7/15)             Temple (1/1) D:7

Altars:
Cheibriados
Dithmenos
Elyvilon
Fedhas
Gozag
Kikubaaqudgha
Makhleb
Nemelex Xobeh
Okawaru
Qazlal
Sif Muna
Trog
Uskayaw
Vehumet
Wu Jian
Zin
The Shining One

Shops:
D:5 !

Annotations:
D:3 exclusion: downstairs
D:4 exclusion: downstairs
D:5 exclusion: downstairs
D:6 Grinder
D:7 Harold


Innate Abilities, Weirdness & Mutations

You cannot wear boots.
Your serpentine skin is tough. (AC +3)
You have supernaturally acute eyesight. (SInv)
Armour fits poorly on your strangely shaped body.
Your system is resistant to poisons. (rPois)
You cover ground very slowly.
You have a slow metabolism.
You can spit poison.


Message History

Found a scroll of teleportation, 3 gold pieces and a scroll of magic mapping.
Found a stone staircase leading down.
Unknown command.
Okay, then.
You feel yourself speed up. Harold hits you but does no damage.
An orc comes into view. It is wielding a +0 mace.
You closely miss Harold.
The orc shouts!
You slash the hound zombie!
You hear a shout! x2
The hound zombie bites you but does no damage.
Harold hits you with a +0 scimitar!!
* * * LOW HITPOINT WARNING * * *
You slash Harold!
Harold is lightly wounded.
You hit the hound zombie. You block the hound zombie's attack.
You slash Harold!
Harold is moderately wounded.
You hit the hound zombie. Harold hits you with a +0 scimitar.
You die...

,,,,,,,....................#*,#
,,******#....$...........##.,,*
,,,* #................,,.#** ,,,*
#................,,.#*
,,,*#####................,,..*
,,,,%......<............,,**,*
,,,,#####...............,,**,****
,,,,,...................,,*,,,,,,
,,,,............@.......,,,,,,,,,
****#####.###..Z.@....##,,,,,,,,,
,,,,,,,....?............,,,,>,,,,
***,,,................##,,,,,,,,,
*,,,...............##*,,,,,,,,,
*,,,,,,....$o.....?# *,,,******
*,,,,,,............# *,,,*
*******###>........# *,,,*
*,,,,,,,,,* *,,,*


You could see Harold, an orc and a hound zombie.

Vanquished Creatures
  Sigmund (D:5)
  Duvessa (D:6)
  A water moccasin (D:7)
  An ice beast (D:7)
  A phantom (D:5)
  A black bear (D:6)
  An ogre (D:7)
  A centaur (D:7)
  A big kobold (D:4)
  A bullfrog (D:6)
  Dowan (D:6)
  3 wights
  3 crimson imps (D:5)
  6 orc priests
  A hound (D:4)
  A jelly (D:6)
  4 orc wizards
  Jessica (D:2)
  An iguana (D:4)
  7 worker ants
  A hound zombie (D:5)
  A worker ant zombie (D:5)
  12 adders
  A shadow imp (D:6)
  An adder zombie (D:6)
  An ooze (D:7)
  5 worms
  An adder skeleton (D:4)
  2 dart slugs (D:1)
  A leopard gecko (D:3)
  14 orcs
  A ball python (D:3)
  A giant cockroach (D:4)
  10 goblins
  10 hobgoblins
  18 jackals
  13 kobolds
  A quokka (D:3)
  9 bats
  4 frilled lizards
  A quokka zombie (D:5)
  7 rats
153 creatures vanquished.

Notes
Turn   | Place    | Note
-------+----------+-------------------------------------------
     0 | D:1      | MajorAdolf the Naga Wanderer began the quest for the Orb.
     0 | D:1      | MajorAdolf set off with the following items: a +2 short
                  | sword, a potion of lignification, a potion of curing, a +0
                  | robe, a ration
     0 | D:1      | Reached XP level 1. HP: 22/22 MP: 1/1
   174 | D:1      | Reached XP level 2. HP: 31/31 MP: 2/2
   557 | D:1      | Reached XP level 3. HP: 35/38 MP: 3/3
   712 | D:2      | Reached skill level 5 in Fighting
  1112 | D:2      | Reached XP level 4. HP: 37/46 MP: 4/4
  2014 | D:2      | Found an iron altar of Okawaru.
  2025 | D:2      | Noticed Jessica
  2049 | D:2      | Killed Jessica
  2475 | D:3      | Reached XP level 5. HP: 55/55 MP: 5/5
  2526 | D:4      | Reached skill level 1 in Armour
  3171 | D:4      | Found a stormy altar of Qazlal.
  3179 | D:3      | Reached skill level 2 in Armour
  3179 | D:3      | Reached XP level 6. HP: 40/62 MP: 6/6
  3654 | D:3      | Found a blossoming altar of Fedhas.
  4029 | D:4      | Reached skill level 3 in Armour
  4156 | D:5      | Entered Level 5 of the Dungeon
  4185 | D:4      | Noticed a phantom
  4344 | D:5      | Reached XP level 7. HP: 68/68 MP: 7/7
  4415 | D:4      | Reached skill level 4 in Armour
  4842 | D:4      | Found an ornate altar of the Wu Jian Council.
  5083 | D:5      | Noticed Sigmund
  5114 | D:5      | Killed Sigmund
  5114 | D:5      | Reached skill level 5 in Armour
  5685 | D:5      | Found Ditots's Distillery.
  5852 | D:5      | Reached XP level 8. HP: 69/76 MP: 8/8
  5980 | D:5      | Reached skill level 6 in Armour
  6274 | D:5      | Found an opulent altar of Gozag.
  7054 | D:6      | Noticed Dowan
  7054 | D:6      | Noticed Duvessa
  7154 | D:6      | Found a blossoming altar of Fedhas.
  7200 | D:5      | Reached skill level 7 in Armour
  7583 | D:6      | Reached skill level 1 in Axes
  7886 | D:7      | Noticed Harold
  7924 | D:7      | Reached XP level 9. HP: 72/82 MP: 9/9
  7933 | D:7      | Reached skill level 5 in Axes
  8119 | D:7      | Found a staircase to the Ecumenical Temple.
  8131 | Temple   | Entered the Ecumenical Temple
  8327 | D:6      | Killed Duvessa
  8333 | D:6      | Killed Dowan
  8355 | D:6      | Noticed Grinder
  8387 | D:7      | HP: 2/82 [Harold/+0 scimitar (21)]
  8389 | D:7      | Slain by Harold

Skill      XL: |  1  2  3  4  5  6  7  8  9 |
---------------+----------------------------+-----
Fighting       | 5 |  5.7
Armour         | 2 3 5 7 |  7.1
Shields        | 2 |  2.5
Axes           | 4 6 |  6.1
Short Blades   | |  3.0
Stealth        | |  1.5
Evocations     | |  1.0

Action                   |  1- 3 |  4- 6 |  7- 9 || total
-------------------------+-------+-------+-------++-------
Melee: Short sword       |     8 |       |    72 ||    80
       Dagger            |    65 |   211 |   459 ||   735
       War axe           |       |       |    80 ||    80
 Abil: Spit Poison       |    29 |    70 |    48 ||   147
  Use: Scroll            |       |     6 |     7 ||    13
       Potion            |       |       |     2 ||     2
 Stab: Sleeping          |     2 |     3 |       ||     5
  Eat: Chunk             |       |    14 |     5 ||    19
       Ration            |       |       |     3 ||     3
Armor: Robe              |    29 |    42 |       ||    71
       Chain mail        |       |    44 |   393 ||   437
       Ring mail         |       |    15 |       ||    15
       Skin              |       |       |    28 ||    28
Dodge: Dodged            |    28 |    69 |   175 ||   272
Block: Buckler           |       |    28 |   119 ||   147
